 Dungeon Crawl Stone Soup version 0.30-a0-719-gcc4359ea44 (webtiles) character file.

Game seed: 11914291730186152722

6173 Dittersdorf the Protected (level 10, -1/66 HPs)
             Began as a Gargoyle Fighter on Jan 26, 2023.
             Was an Elder of Okawaru.
             Slain by a skeletal warrior
             ... wielding a +0 short sword
              (15 damage)
             ... on level 9 of the Dungeon.
             The game lasted 00:13:54 (8559 turns).

Dittersdorf the Protected (Gargoyle Fighter)        Turns: 8559, Time: 00:13:55

Health: -1/66      AC: 21    Str: 24    XL:     10   Next: 91%
Magic:  10/10      EV:  9    Int:  9    God:    Okawaru [****..]
Gold:   974        SH:  6    Dex: 15    Spells: 9/9 levels left

rFire   . . .      SeeInvis .    w - +9 mace of Dycvo {drain, rC+ rN+}
rCold   + . .      Faith    .    c - +0 buckler
rNeg    + + .      Spirit   .    a - +1 scale mail of Esuboc {rCorr}
rPois   ∞          Reflect  .    v - +0 helmet
rElec   +          Harm     .    u - +2 cloak
rCorr   +          Rampage  .    (no gloves)
Will    +....                    (no boots) Stlth
                                 t - amulet of magic regeneration
HPRegen 0.31/turn                h - +6 ring of dexterity
MPRegen 0.52/turn                m - ring of willpower

@: no status effects
A: sickness immunity, AC +7, negative energy resistance 1, electricity
resistance, torment resistance 1, petrification resistance
a: Renounce Religion, Heroism, Finesse


You were on level 9 of the Dungeon.
You worshipped Okawaru.
Okawaru was greatly pleased with you.
You visited 2 branches of the dungeon, and saw 11 of its levels.
You also visited: Ossuary.

You collected 974 gold pieces.

Inventory:

Hand Weapons
 w - the +9 mace of Dycvo (weapon) {drain, rC+ rN+}
   (You found it on level 4 of the Dungeon)

   rC:        It protects you from cold.
   rN:        It protects you from negative energy.
Missiles
 A - 3 throwing nets
 D - 5 curare-tipped darts (quivered)
Armour
 a - the +1 scale mail of Esuboc (worn) {rCorr}
   (You found it on level 4 of the Dungeon)

   rCorr:     It protects you from acid and corrosion.
 c - a +0 buckler (worn)
 u - a +2 cloak (worn)
 v - a +0 helmet (worn)
Jewellery
 h - a +6 ring of dexterity (left hand)
 l - a ring of protection from cold
 m - a ring of willpower (right hand)
 t - an amulet of magic regeneration (around neck)
 x - a ring of wizardry
Wands
 C - a wand of flame (25)
Scrolls
 e - 3 scrolls of teleportation
 i - 4 scrolls of fog
 j - 3 scrolls of poison
 s - 5 scrolls of fear
 y - a scroll of enchant weapon
 E - 2 scrolls of enchant armour
 G - a scroll of blinking
Potions
 b - 2 potions of berserk rage
 d - 6 potions of might
 f - 10 potions of curing
 g - a potion of invisibility
 k - 4 potions of cancellation {unknown}
 n - a potion of magic {unknown}
 o - 8 potions of heal wounds {unknown}
 p - a potion of brilliance {unknown}
 q - 5 potions of ambrosia {unknown}
 r - a potion of flight {unknown}
 z - 5 potions of lignification {unknown}
 B - 2 potions of haste {unknown}
 F - a potion of resistance {unknown}


   Skills:
 + Level 9.5 Fighting
 + Level 8.3 Maces & Flails
 + Level 9.5 Armour
 + Level 9.4 Shields


You had 9 spell levels left.
You didn't know any spells.
Your spell library contained the following spells:

 Spells                   Type           Power      Damage    Failure   Level
 Inner Flame              Hex/Fire       0%         N/A       97%         3
 Ozocubu's Armour         Ice            0%         N/A       97%         3
 Ice Form                 Ice/Tmut       0%         N/A       100%        4
 Ozocubu's Refrigeration  Ice            0%         4d7       100%        7
 Summon Ice Beast         Ice/Summ       Unusable   N/A       N/A         4

Dungeon Overview and Level Annotations

Branches:
Dungeon (10/15)            Temple (1/1) D:5            Lair (0/5) D:9
    Orc (0/2) D:10        Ossuary (visited)

Altars:
Ashenzari
Cheibriados
Dithmenos
Elyvilon
Fedhas
Gozag
Hepliaklqana
Kikubaaqudgha
Makhleb
Nemelex Xobeh
Okawaru
Qazlal
Ru
Sif Muna
Trog
Uskayaw
Vehumet
Wu Jian
Xom
Yredelemnul
Zin
The Shining One

Annotations:
D:3 1 runed translucent door, superbruh's ghost, amateur DsFE


Innate Abilities, Weirdness & Mutations

You are immune to sickness and miasma.
Your stone body is resilient. (AC +7)
You are immune to poison.
You resist negative energy. (rN+)
You are resistant to electric shocks. (rElec)
You are resistant to unholy torment.
You are immune to petrification.


Message History

The skeletal warrior is lightly damaged.
The gnoll hits you but does no damage.
The skeletal warrior closely misses you.
You hit the skeletal warrior but do no damage.
The skeletal warrior is lightly damaged.
You block the gnoll's attack.
You hit the skeletal warrior but do no damage.
The skeletal warrior is lightly damaged.
The skeletal warrior hits you with a +0 short sword!
You closely miss the skeletal warrior.
The skeletal warrior is lightly damaged.
You block the gnoll's attack.
The skeletal warrior completely misses you.
You thump the skeletal warrior!
The skeletal warrior is moderately damaged.
The gnoll closely misses you.
The skeletal warrior hits you but does no damage.
You sock the skeletal warrior!
The skeletal warrior is heavily damaged.
The gnoll hits you from afar with a +0 halberd.
You hit the skeletal warrior but do no damage.
The skeletal warrior is heavily damaged.
The skeletal warrior hits you with a +0 short sword!
The gnoll closely misses you.
You hit the skeletal warrior.
The skeletal warrior is heavily damaged.
You feel like a meek peon again.
You block the skeletal warrior's attack.
You hit the skeletal warrior but do no damage.
The skeletal warrior is heavily damaged.
The gnoll closely misses you.
The skeletal warrior hits you with a +0 short sword!
* * * LOW HITPOINT WARNING * * *
The skeletal warrior attacks as you move away!
The skeletal warrior hits you but does no damage.
The skeletal warrior attacks as you move away!
The skeletal warrior closely misses you.
The skeletal warrior attacks as you move away!
The skeletal warrior hits you with a +0 short sword!
You die...

...............#...# ##..........
....##.#...........# ##.........
....####.<..##.....## ###.....#.
....# #....####....######...#.#.
##..# #....# #......#......#.#.
.#### #....# #......#.####.#.#.
## #....# #..##.....# ###.#. .#
#....# #........## #... #####
#....# #@.......#########
##..############z........#.......
..........................[......
..#.############g##..............
#.>.# #..).# #.g...............
##..# #....# #..(...#.#........
##.# #....# #.................
### #....# #......#.#........
#### #....# ###........#......


You could see a skeletal warrior and 2 gnolls.

Vanquished Creatures
  A two-headed ogre (D:9)
  A manticore (D:9)
  3 trolls (D:9)
  3 wraiths (D:9)
  2 shadows (D:10)
  2 wyverns
  2 water moccasins
  An acid dragon (D:10)
  2 orc warriors
  2 black bears
  An ice beast (D:6)
  A sky beast (D:7)
  2 ogres (D:6)
  5 centaurs
  A kobold brigand (D:7)
  A phantom (D:5)
  2 bullfrogs (D:8)
  An elf zombie (D:7)
  2 necrophages
  A gnoll sergeant (D:6)
  2 elf skeletons (D:7)
  4 wights (D:7)
  A killer bee (D:10)
  4 howler monkeys
  2 human zombies (Ossuary)
  2 jellies
  4 orc priests
  3 iguanas
  12 orc wizards
  2 human skeletons (D:7)
  4 mummies (Ossuary)
  Robin (D:3)
  8 gnolls
  8 adders
  2 shadow imps
  A white imp (D:6)
  3 worms (D:2)
  6 dart slugs
  30 orcs
  9 bats
  8 endoplasms
  5 giant cockroaches
  2 gnoll zombies (Ossuary)
  19 goblins
  8 hobgoblins
  17 kobolds
  5 quokkas
  3 ball pythons
  3 frilled lizards
  A goblin zombie (Ossuary)
  A hobgoblin zombie (Ossuary)
  3 orc zombies
  3 rats
222 creatures vanquished.

Notes
Turn   | Place    | Note
-------+----------+-------------------------------------------
     0 | D:1      | Dittersdorf the Gargoyle Fighter began the quest for the
                  | Orb.
     0 | D:1      | Reached XP level 1. HP: 14/14 MP: 1/1
    70 | D:1      | Reached XP level 2. HP: 13/19 MP: 2/2
   247 | D:1      | Reached XP level 3. HP: 22/23 MP: 3/3
   769 | D:2      | Identified the +1 leather armour of Unaeffiox {-Tele rF+++
                  | Dex+4 Stlth+}
   924 | D:2      | Reached XP level 4. HP: 29/29 MP: 4/4
  1357 | D:3      | Found a runed translucent door.
  1358 | D:3      | Noticed superbruh's ghost (amateur DsFE)
  1564 | D:3      | Reached XP level 5. HP: 32/33 MP: 5/5
  1865 | D:3      | Found a faded altar of an unknown god.
  1870 | D:3      | Noticed Robin
  1905 | D:3      | Killed Robin
  2152 | D:3      | Found a hazy altar of Hepliaklqana.
  2243 | D:4      | Identified the +9 mace of Dycvo {drain, rC+ rN+}
  2378 | D:4      | Identified the +1 scale mail of Esuboc {rCorr}
  2654 | D:3      | Reached XP level 6. HP: 39/39 MP: 6/6
  3235 | D:5      | Entered Level 5 of the Dungeon
  3248 | D:5      | Reached skill level 5 in Fighting
  3248 | D:5      | Reached skill level 5 in Armour
  3257 | D:5      | Reached skill level 5 in Shields
  3257 | D:5      | Reached XP level 7. HP: 41/44 MP: 7/7
  3325 | D:5      | Found a staircase to the Ecumenical Temple.
  3329 | Temple   | Entered the Ecumenical Temple
  3334 | Temple   | Became a worshipper of Warmaster Okawaru
  3487 | D:5      | Identified a scroll of acquirement
  3487 | D:5      | Acquired 563 gold pieces
  3816 | D:5      | Reached * piety under Okawaru
  4185 | D:6      | Reached XP level 8. HP: 44/51 MP: 8/8
  4310 | D:6      | Reached skill level 5 in Maces & Flails
  4452 | D:6      | Reached ** piety under Okawaru
  4832 | D:7      | Reached XP level 9. HP: 55/56 MP: 9/9
  4943 | D:7      | Found a sand-covered staircase.
  4960 | D:7      | Reached *** piety under Okawaru
  4989 | Ossuary  | Entered an ossuary
  6013 | D:8      | Found a shadowy altar of Dithmenos.
  6017 | D:8      | Found a hide-covered altar of Uskayaw.
  6020 | D:8      | Found a sparkling altar of Nemelex Xobeh.
  6020 | D:8      | Found a basalt altar of Yredelemnul.
  6027 | D:8      | Found a glowing golden altar of the Shining One.
  6416 | D:9      | Noticed a troll
  6422 | D:9      | Killed a troll
  6500 | D:9      | Noticed a troll
  6507 | D:9      | Killed a troll
  6507 | D:9      | Reached **** piety under Okawaru
  6508 | D:9      | Reached XP level 10. HP: 52/64 MP: 10/10
  6585 | D:9      | Got Nemafeur's Compendium of Frigid Beguiling
  6759 | D:9      | Noticed a manticore
  6771 | D:9      | Killed a manticore
  7137 | D:9      | Noticed a two-headed ogre
  7148 | D:9      | Killed a two-headed ogre
  7266 | D:9      | Found a staircase to the Lair.
  7352 | D:9      | Found a glowing silver altar of Zin.
  7352 | D:9      | Noticed an angel
  7884 | D:10     | Entered Level 10 of the Dungeon
  8033 | D:10     | Found a staircase to the Orcish Mines.
  8352 | D:10     | Noticed a tengu warrior
  8353 | D:10     | Noticed a skeletal warrior
  8353 | D:10     | Noticed an eight-headed hydra
  8353 | D:10     | Noticed a deep elf pyromancer
  8559 | D:9      | Slain by a skeletal warrior

Illustrated notes

Levels and vault maps discovered:
D:1:      dpeg_arrival_tiny_a, layout_rooms, minivault_25,
          palyth_stone_intersect, minmay_cut_off
D:2:      layout_basic
D:3:      layout_loops_ring, nzn_hepliaklqana_mist_gate, ebering_ghost_sewer_d,
          hellmonk_ecumenical_altar_inner_sanctum, uniq_robin
D:4:      layout_cave_pods
D:5:      layout_loops_cross, temple_hall_moat
D:6:      layout_basic
D:7:      layout_cave_pools, nicolae_ossuary_entry_catacombs,
          nrook_loot_triangle, minivault_26
D:8:      layout_loops_ring, nicolae_overflow_hallway_of_the_gods,
          minmay_misc_feat_columns
D:9:      layout_cave_pools, zin_angel, lair_entry_dummy,
          serial_co_window_serial, co_window_of_opportunity_a,
          co_window_corner_a, co_window_paths_a, co_window_of_opportunity_a,
          co_window_corner_a, co_window_unsneaky_path_b,
          co_window_unsneaky_path_c, co_window_unsneaky_path_d,
          co_window_paths_e, co_window_4corner_b, glass_columns_a,
          glass_columns_a, glass_columns_a
D:10:     minmay_the_grid_triangle_9x9_rhombus_thin_mashed
          [minmay_the_grid_triangle_9x9_empty,
          minmay_the_grid_triangle_9x9_prize_insulated,
          minmay_the_grid_triangle_9x9_thin_v,
          minmay_the_grid_triangle_9x9_sprig], layout_basic,
          minmay_statue_bubble
Temple:   minmay_freezing_vapour_temple

Skill      XL: |  1  2  3  4  5  6  7  8  9 10 |
---------------+-------------------------------+-----
Armour         | 4 5 6 8 9 |  9.5
Fighting       | 4 5 6 8 9 |  9.5
Shields        | 4 5 6 8 9 |  9.4
Maces & Flails | 3 4 5 7 8 |  8.3

Action                     |  1- 3 |  4- 6 |  7- 9 | 10-12 || total
---------------------------+-------+-------+-------+-------++-------
  Melee: Flail             |   125 |   111 |       |       ||   236
         Mace              |       |    44 |   286 |   119 ||   449
  Throw: Dart              |       |       |       |     3 ||     3
 Invoke: Heroism           |       |       |       |     3 ||     3
    Use: Scroll            |       |     5 |    13 |       ||    18
 Armour: Scale mail        |    98 |    76 |   131 |   108 ||   413
  Dodge: Dodged            |    89 |    67 |    88 |    68 ||   312
  Block: Buckler           |    39 |    44 |    71 |    52 ||   206

Table legend: (Time is in decaauts)
 A = Elapsed time spent in this place.
 B = Non-inter-level travel time spent in this place.
 C = Inter-level travel time spent in this place.
 D = Time resting spent in this place.
 E = Time spent auto-exploring this place.
 F = Levels seen in this place.
 G = Mean time per level.
                   A        B        C        D        E       F      G
               +--------+--------+--------+--------+--------+-----+--------+
         Total |   8707 |   8464 |    243 |    969 |   5493 |  12 |  725.6 |
       Dungeon |   8433 |   8190 |    243 |    937 |   5439 |  10 |  843.3 |
        Temple |     12 |     12 |      0 |      0 |      0 |   1 |   12.0 |
       Ossuary |    261 |    261 |      0 |     32 |     54 |   1 |  261.0 |
               +--------+--------+--------+--------+--------+-----+--------+

Top non-repeatable levels by time:
     D:9: 1726 daAuts
     D:4: 973 daAuts
     D:3: 919 daAuts
     D:5: 868 daAuts
     D:6: 723 daAuts
     D:2: 720 daAuts
     D:1: 706 daAuts
     D:8: 692 daAuts
     D:7: 631 daAuts
    D:10: 471 daAuts
 Ossuary: 261 daAuts
  Temple: 12 daAuts
